3AAA
SUNSET DISTRICT FOG @ MONONGAHELA MONSTERS
08/17/2041
 
TOP OF THE 1ST
Sunset District Fog batting - Pitching for Monongahela Monsters : RHP Gabriel Durango
Pitching: RHP Gabriel Durango
Batting: SHB Doug Watson 0-0: Ball
1-0: Ball
2-0: Called Strike
2-1: Foul Ball, location: 2F
2-2: Strikes out swinging
Batting: SHB Rafael Bregonzi 0-0: Ball
1-0: Called Strike
1-1: Foul Ball, location: 2F
1-2: Ball
2-2: DOUBLE (Line Drive, 78D, EV 115.0 MPH)
Batting: LHB Bradley Wilson 0-0: Ball
1-0: Swinging Strike
1-1: Ball
2-1: Foul Ball, location: 2F
2-2: Single, Error in OF, E8, batter to second base (Line Drive, 6MD, EV 95.0 MPH)
Rafael Bregonzi scores
Batting: LHB Dan Hines 0-0: Called Strike
0-1: Called Strike
0-2: Fly out, F7 (Flyball, 78S, EV 91.2 MPH)
Batting: RHB A.T. Tappman 0-0: Called Strike
0-1: Ball
1-1: Ball
2-1: Ball
3-1: Fly out, F7 (Line Drive, 7, EV 93.1 MPH)
Top of the 1st over - 1 run, 2 hits, 1 error, 1 left on base; Sunset District 1 - Monongahela 0
BOTTOM OF THE 1ST
Monongahela Monsters batting - Pitching for Sunset District Fog : LHP Mario Herrera
Pitching: LHP Mario Herrera
Batting: RHB Román García 0-0: Called Strike
0-1: Fly out, F8 (Flyball, 8LD, EV 103.1 MPH)
Batting: RHB Li-ren Ku 0-0: Foul Ball, location: 2F
0-1: Swinging Strike
0-2: Strikes out swinging
Batting: RHB Shao Qigang 0-0: Called Strike
0-1: Ball
1-1: Called Strike
1-2: Fly out, F7 (Line Drive, 7, EV 91.2 MPH)
Bottom of the 1st over - 0 runs, 0 hits, 0 errors, 0 left on base; Sunset District 1 - Monongahela 0
TOP OF THE 2ND
Sunset District Fog batting - Pitching for Monongahela Monsters : RHP Gabriel Durango
Batting: LHB Flint Myers 0-0: Called Strike
0-1: Ball
1-1: SOLO HOME RUN (Flyball, 9D, EV 95.0 MPH), Distance : 386 ft
Batting: LHB Dallas Ihde 0-0: Ground out 4-3 (Groundball, 4, EV 100.6 MPH)
Batting: LHB Yu-zeng Si 0-0: Called Strike
0-1: Ball
1-1: Ground out U3 (Groundball, 3L, EV 93.8 MPH)
Batting: RHB Tak-wai Jia 0-0: Foul Ball, location: 2F
0-1: Foul Ball, location: 2F
0-2: Foul Ball, location: 2F
0-2: Ball
1-2: Foul Ball, location: 2F
1-2: Foul Ball, location: 2F
1-2: Ground out 4-3 (Groundball, 4, EV 82.5 MPH)
Top of the 2nd over - 1 run, 1 hit, 0 errors, 0 left on base; Sunset District 2 - Monongahela 0
BOTTOM OF THE 2ND
Monongahela Monsters batting - Pitching for Sunset District Fog : LHP Mario Herrera
Batting: RHB Richello Oliva 0-0: Fly out, F7 (Flyball, 7D, EV 90.6 MPH)
Batting: LHB Rafael Abasto 0-0: Called Strike
0-1: Ball
1-1: Called Strike
1-2: Ball
2-2: Strikes out swinging
Batting: RHB Roger Snodgrass 0-0: Called Strike
0-1: Foul Ball, location: 2F
0-2: Ball
1-2: Ball
2-2: Strikes out swinging
Bottom of the 2nd over - 0 runs, 0 hits, 0 errors, 0 left on base; Sunset District 2 - Monongahela 0
TOP OF THE 3RD
Sunset District Fog batting - Pitching for Monongahela Monsters : RHP Gabriel Durango
Batting: SHB Doug Watson 0-0: Ball
1-0: Swinging Strike
1-1: Swinging Strike
1-2: Strikes out swinging
Batting: SHB Rafael Bregonzi 0-0: Called Strike
0-1: Fly out, F8 (Flyball, 8LM, EV 86.9 MPH)
Batting: LHB Bradley Wilson 0-0: Called Strike
0-1: Ball
1-1: Ground out U3 (Groundball, 3S, EV 87.5 MPH)
Top of the 3rd over - 0 runs, 0 hits, 0 errors, 0 left on base; Sunset District 2 - Monongahela 0
BOTTOM OF THE 3RD
Monongahela Monsters batting - Pitching for Sunset District Fog : LHP Mario Herrera
Batting: LHB George Runnalls 0-0: Ball
1-0: Foul Ball, location: 2F
1-1: Ball
2-1: Foul Ball, location: 2F
2-2: Ball
3-2: Strikes out swinging
Batting: RHB Colt Allen 0-0: Foul Ball, location: 2F
0-1: Ball
1-1: Foul Ball, location: 2F
1-2: Ball
2-2: Strikes out swinging
Batting: LHB António Muñóz 0-0: Ball
1-0: Ball
2-0: Swinging Strike
2-1: Foul Ball, location: 2F
2-2: Foul Ball, location: 2F
2-2: Foul Ball, location: 2F
2-2: Ball
3-2: Reached on error, E3 (Groundball, 3S, EV 73.8 MPH)
Batting: RHB Román García 0-0: Ball
1-0: Foul Ball, location: 2F
1-1: Ball
2-1: Ball
3-1: Called Strike
3-2: Ground out 5-3 (Groundball, 5S, EV 83.1 MPH)
Bottom of the 3rd over - 0 runs, 0 hits, 1 error, 1 left on base; Sunset District 2 - Monongahela 0
TOP OF THE 4TH
Sunset District Fog batting - Pitching for Monongahela Monsters : RHP Gabriel Durango
Batting: LHB Dan Hines 0-0: SOLO HOME RUN (Flyball, 9D, EV 102.5 MPH), Distance : 371 ft
Batting: RHB A.T. Tappman 0-0: Ground out U3 (Groundball, 3S, EV 84.4 MPH)
Batting: LHB Flint Myers 0-0: Ball
1-0: Ball
2-0: Called Strike
2-1: Foul Ball, location: 2F
2-2: Ball
3-2: Ground out 6-3 (Groundball, 6M, EV 86.9 MPH)
Batting: LHB Dallas Ihde 0-0: Ball
1-0: Swinging Strike
1-1: Foul Ball, location: 2F
1-2: Ground out 6-3 (Groundball, 6M, EV 82.5 MPH)
Top of the 4th over - 1 run, 1 hit, 0 errors, 0 left on base; Sunset District 3 - Monongahela 0
BOTTOM OF THE 4TH
Monongahela Monsters batting - Pitching for Sunset District Fog : LHP Mario Herrera
Batting: RHB Li-ren Ku 0-0: DOUBLE (Groundball, 5L, EV 103.8 MPH)
Batting: RHB Shao Qigang 0-0: Called Strike
0-1: Ball
1-1: Ground out 3-1 (Groundball, 34, EV 103.1 MPH)
Li-ren Ku to third
Batting: RHB Richello Oliva 0-0: Called Strike
0-1: Ball
1-1: Called Strike
Steal of home, Li-ren Ku is out
1-2: Foul Ball, location: 2F
1-2: Ball
2-2: Ground out 1-3 (Groundball, 13, EV 84.4 MPH)
Bottom of the 4th over - 0 runs, 1 hit, 0 errors, 0 left on base; Sunset District 3 - Monongahela 0
TOP OF THE 5TH
Sunset District Fog batting - Pitching for Monongahela Monsters : RHP Gabriel Durango
Batting: LHB Yu-zeng Si 0-0: Ball
1-0: Ball
2-0: Called Strike
2-1: Fly out, F7 (Flyball, 78M, EV 85.0 MPH)
Batting: RHB Tak-wai Jia 0-0: Ball
1-0: Foul Ball, location: 2F
1-1: Ground out 6-3 (Groundball, 6, EV 102.5 MPH)
Batting: SHB Doug Watson 0-0: Ball
1-0: Ball
2-0: Ball
3-0: Called Strike
3-1: Fly out, F8 (Flyball, 8RD, EV 100.0 MPH)
Top of the 5th over - 0 runs, 0 hits, 0 errors, 0 left on base; Sunset District 3 - Monongahela 0
BOTTOM OF THE 5TH
Monongahela Monsters batting - Pitching for Sunset District Fog : LHP Mario Herrera
Batting: LHB Rafael Abasto 0-0: Called Strike
0-1: Ball
1-1: Ball
2-1: Foul Ball, location: 2F
2-2: Strikes out swinging
Batting: RHB Roger Snodgrass 0-0: Called Strike
0-1: Foul Ball, location: 2F
0-2: Ball
1-2: Fly out, F7 (Flyball, 7, EV 86.9 MPH)
Batting: LHB George Runnalls 0-0: Called Strike
0-1: SINGLE (Groundball, 6, EV 84.4 MPH) (infield hit)
Batting: RHB Colt Allen 0-0: Ball
1-0: Ground out 5-3 (Groundball, 56S, EV 83.8 MPH)
Bottom of the 5th over - 0 runs, 1 hit, 0 errors, 1 left on base; Sunset District 3 - Monongahela 0
TOP OF THE 6TH
Sunset District Fog batting - Pitching for Monongahela Monsters : RHP Gabriel Durango
Batting: SHB Rafael Bregonzi 0-0: Ball
1-0: Fly out, F8 (Line Drive, 8RD, EV 92.5 MPH)
Batting: LHB Bradley Wilson 0-0: Called Strike
0-1: Ball
1-1: Foul Ball, location: 2F
1-2: Foul Ball, location: 2F
1-2: Strikes out swinging
Pitching: RHP Wesley Mason
Batting: LHB Dan Hines 0-0: Ball
1-0: Foul Ball, location: 2F
1-1: Ball
2-1: Fly out, F7 (Line Drive, 7D, EV 105.6 MPH)
Top of the 6th over - 0 runs, 0 hits, 0 errors, 0 left on base; Sunset District 3 - Monongahela 0
BOTTOM OF THE 6TH
Monongahela Monsters batting - Pitching for Sunset District Fog : LHP Mario Herrera
Batting: LHB António Muñóz 0-0: Ball
1-0: Ground out 6-3 (Groundball, 6, EV 109.4 MPH)
Batting: RHB Román García 0-0: Fly out, F6 (Line Drive, 6, EV 70.6 MPH)
Batting: RHB Li-ren Ku 0-0: SINGLE (Line Drive, 8LS, EV 91.2 MPH)
Batting: RHB Shao Qigang 0-0: Ball
Wild Pitch!
Li-ren Ku to second
1-0: Ball
2-0: Called Strike
2-1: Fly out, F8 (Flyball, 8LS, EV 93.8 MPH)
Bottom of the 6th over - 0 runs, 1 hit, 0 errors, 1 left on base; Sunset District 3 - Monongahela 0
TOP OF THE 7TH
Sunset District Fog batting - Pitching for Monongahela Monsters : RHP Wesley Mason
Batting: RHB A.T. Tappman 0-0: Ground out 6-3 (Groundball, 6, EV 86.2 MPH)
Batting: LHB Flint Myers 0-0: Ball
1-0: Ball
2-0: Called Strike
2-1: Swinging Strike
2-2: Strikes out looking
Batting: LHB Dallas Ihde 0-0: Ball
1-0: Foul Ball, location: 2F
1-1: Ball
2-1: Foul Ball, location: 2F
2-2: Strikes out swinging
Top of the 7th over - 0 runs, 0 hits, 0 errors, 0 left on base; Sunset District 3 - Monongahela 0
BOTTOM OF THE 7TH
Monongahela Monsters batting - Pitching for Sunset District Fog : LHP Mario Herrera
Batting: RHB Richello Oliva 0-0: Ball
1-0: Ground out 6-3 (Groundball, 6, EV 95.0 MPH)
Batting: LHB Rafael Abasto 0-0: Called Strike
0-1: Foul Ball, location: 2F
0-2: Fly out, F8 (Flyball, 8LM, EV 92.5 MPH)
Batting: RHB Roger Snodgrass 0-0: Ball
1-0: Called Strike
1-1: Swinging Strike
1-2: Ball
2-2: Strikes out swinging
Bottom of the 7th over - 0 runs, 0 hits, 0 errors, 0 left on base; Sunset District 3 - Monongahela 0
TOP OF THE 8TH
Sunset District Fog batting - Pitching for Monongahela Monsters : RHP Wesley Mason
Batting: LHB Yu-zeng Si 0-0: Ball
1-0: Foul Ball, location: 2F
1-1: Ball
2-1: Called Strike
2-2: Foul Ball, location: 2F
2-2: Strikes out swinging
Batting: RHB Tak-wai Jia 0-0: DOUBLE (Line Drive, 89D, EV 108.8 MPH)
Batting: SHB Doug Watson 0-0: Ball
1-0: Foul Ball, location: 2F
1-1: Called Strike
1-2: Foul Ball, location: 2F
1-2: Fly out, F8 (Flyball, 8RM, EV 86.9 MPH)
Batting: SHB Rafael Bregonzi 0-0: Ball
1-0: Called Strike
1-1: Ball
2-1: Fly out, F8 (Flyball, 8RS, EV 89.4 MPH)
Top of the 8th over - 0 runs, 1 hit, 0 errors, 1 left on base; Sunset District 3 - Monongahela 0
BOTTOM OF THE 8TH
Monongahela Monsters batting - Pitching for Sunset District Fog : LHP Mario Herrera
Batting: LHB George Runnalls 0-0: Called Strike
0-1: Called Strike
0-2: Foul Ball, location: 2F
0-2: SINGLE (Groundball, 34, EV 86.2 MPH) (infield hit)
Pitching: RHP Broderick Langmead
Batting: RHB Colt Allen 0-0: Swinging Strike
0-1: Fielders Choice at 2nd, 6-4 (Groundball, 6, EV 110.6 MPH)
Batting: LHB António Muñóz 0-0: Ball
1-0: Ball
2-0: Called Strike
2-1: Swinging Strike
2-2: Ball
3-2: Strikes out swinging
Batting: RHB Román García 0-0: Called Strike
0-1: SINGLE (Groundball, 3D, EV 94.4 MPH)
Colt Allen to second
Runner from 2nd tries for 3rd, SAFE, throw by RF made to third
Batting: RHB Li-ren Ku 0-0: Ball
1-0: Ball
2-0: Foul Ball, location: 2F
2-1: Fly out, F9 (Flyball, 89M, EV 84.4 MPH)
Bottom of the 8th over - 0 runs, 2 hits, 0 errors, 2 left on base; Sunset District 3 - Monongahela 0
TOP OF THE 9TH
Sunset District Fog batting - Pitching for Monongahela Monsters : RHP Wesley Mason
Pitching: RHP Al Verkler
Batting: LHB Bradley Wilson 0-0: Foul Ball, location: 2F
0-1: Swinging Strike
0-2: Ground out 6-3 (Groundball, 6S, EV 81.2 MPH)
Batting: LHB Dan Hines 0-0: Foul Ball, location: 2F
0-1: Ball
1-1: Ball
2-1: Foul Ball, location: 2F
2-2: Strikes out swinging
Batting: RHB A.T. Tappman 0-0: Called Strike
0-1: Swinging Strike
0-2: Strikes out swinging
Top of the 9th over - 0 runs, 0 hits, 0 errors, 0 left on base; Sunset District 3 - Monongahela 0
BOTTOM OF THE 9TH
Monongahela Monsters batting - Pitching for Sunset District Fog : RHP Broderick Langmead
Pitching: RHP Walt McPike
Now at 1B: Yoshitaka Yoshida
Batting: RHB Shao Qigang 0-0: Foul Ball, location: 2F
0-1: Ball
1-1: Foul Ball, location: 2F
1-2: Foul Ball, location: 2F
1-2: Ball
2-2: Strikes out swinging
Batting: RHB Richello Oliva 0-0: Called Strike
0-1: Ball
1-1: Called Strike
1-2: Ground out 5-3 (Groundball, 5S, EV 86.2 MPH)
Batting: LHB Rafael Abasto 0-0: Called Strike
0-1: Fly out, F7 (Flyball, 7LSF, EV 85.6 MPH)
Bottom of the 9th over - 0 runs, 0 hits, 0 errors, 0 left on base; Sunset District 3 - Monongahela 0
Tuesday, January 5th, 2021 - OOTP Baseball 20.8 Build 74